 Dungeon Crawl Stone Soup version 0.31-a0-182-gc5ef74bbde (webtiles) character file.

Game seed: 10833778270285031076

67498 rabbitsville the Devastator (level 15, -3/113 HPs)
             Began as a Djinni Conjurer on June 20, 2023.
             Was the Champion of the Shining One.
             Slain by a two-headed ogre
             ... wielding a +0 giant club
              (6 damage)
             ... on level 2 of the Orcish Mines on June 21, 2023.
             The game lasted 02:03:40 (22244 turns).

rabbitsville the Devastator (Djinni Conjurer)      Turns: 22244, Time: 02:03:41

Health: -3/113     AC: 16    Str:  6    XL:     15   Next: 66%
Gold:   1607       EV: 18    Int: 31    God:    the Shining One [******] SH:  0 Dex: 15

rFire   + + .        G - +6 spear "Bulicewn" {speed, Dex+4}
rCold   + + .        U - orb {light}
rNeg    + + +        N - +4 skin of Zhor {*Englaciate rC+++ SInv}
rPois   ∞            V - +1 helmet {Int+3}
rElec   .            L - +2 cloak
rCorr   .            D - +0 pair of gloves
SInv    +            (boots unavailable)
Will    +....        (no amulet)
Stlth   +            b - +4 ring of protection
HPRegen 0.38/turn    v - +5 ring of evasion
MPRegen 0.00/turn

%: infuse magic (-4 HP)
@: flying, glowing, studying Conjurations
A: sickness immunity, fire resistance 2, cold vulnerability 1, float, innate
caster, HP casting, extra vitality 1
a: Renounce Religion, Divine Shield, Cleansing Flame, Summon Divine Warrior,
Brand Weapon With Holy Wrath


You were on level 2 of the Orcish Mines.
You worshipped the Shining One.
The Shining One was exalted by your worship.
You visited 5 branches of the dungeon, and saw 20 of its levels.
You also visited: Bailey.

You collected 1751 gold pieces.
You spent 144 gold pieces at shops.

Inventory:

Hand Weapons
 c - a +1 short sword
 G - the +6 spear "Bulicewn" (weapon) {speed, Dex+4}
   (You found it on level 8 of the Dungeon)

   Dex:       It affects your dexterity (+4).
 Q - the +8 rapier of Hell's Wrath {heavy, rN++ MP+9 Str-3 SInv}
   (You found it on level 9 of the Dungeon)

   Str:       It affects your strength (-3).
   rN:        It greatly protects you from negative energy.
   MP:        It affects your magic capacity (+9).
   SInv:      It lets you see invisible.
Missiles
 m - 8 boomerangs of dispersal
 w - 10 throwing nets
Armour
 o - a +0 kite shield
 D - a +0 pair of gloves (worn)
 L - a +2 cloak (worn)
 N - the +4 skin of Zhor (worn) {*Englaciate rC+++ SInv}
   (You took it off Grum in a bailey)

   *Englaciate: It radiates cold, occasionally slowing all nearby creatures who
   are not resistant to cold.
   rC:        It renders you almost immune to cold.
   SInv:      It lets you see invisible.
 U - an orb of light (worn)
 V - a +1 helmet of intelligence (worn)
Jewellery
 b - a +4 ring of protection (left hand)
 d - a ring of see invisible
 e - a ring of resist corrosion
 v - a +5 ring of evasion (right hand)
 H - a ring of protection from fire
 M - a +5 ring of evasion
Wands
 a - a wand of light (3)
 n - a wand of paralysis (36)
 y - a wand of polymorph (11)
 K - a wand of roots (6)
 P - a wand of flame (23)
 Y - a wand of mindburst (6)
Scrolls
 f - 2 scrolls of silence {unknown}
 j - 2 scrolls of vulnerability {unknown}
 p - 2 scrolls of revelation
 q - 4 scrolls of teleportation
 r - 3 scrolls of immolation
 s - 10 scrolls of identify
 B - 3 scrolls of fear {unknown}
 E - 4 scrolls of enchant armour
 F - 3 scrolls of enchant weapon
 I - a scroll of noise {unknown}
 S - 2 scrolls of brand weapon {unknown}
 Z - a scroll of poison {unknown}
Potions
 g - 6 potions of might
 h - 3 potions of attraction
 i - 2 potions of enlightenment {unknown}
 k - 2 potions of mutation
 l - 3 potions of haste {unknown}
 t - 2 potions of ambrosia
 u - a potion of experience {unknown}
 x - a potion of resistance {unknown}
 z - a potion of lignification {unknown}
 A - a potion of heal wounds {unknown}
 C - 3 potions of curing
 J - a potion of berserk rage {unknown}
 R - 2 potions of cancellation {unknown}
 W - 2 potions of degeneration {unknown}
 X - a potion of brilliance {unknown}
Miscellaneous
 O - a phial of floods
 T - a phantom mirror


   Skills:
 - Level 12.8 Fighting
 - Level 4.3 Dodging
 - Level 1.5 Stealth
 - Level 1.5 Shields
 * Level 14.8 Spellcasting
 * Level 18.1 Conjurations
 * Level 14.8 Hexes
 * Level 14.8 Summonings
 * Level 14.8 Necromancy
 * Level 14.8 Translocations
 * Level 14.8 Transmutations
 * Level 14.8 Fire Magic
 * Level 14.8 Ice Magic
 * Level 14.8 Air Magic
 * Level 14.8 Earth Magic
 * Level 14.8 Poison Magic
 + Level 3.1 Invocations
 - Level 12.7 Evocations


You knew the following spells:

 Your Spells              Type           Power      Damage    Failure   Level
a - Magic Dart            Conj           100%       1d8       0%          1
b - Searing Ray           Conj           100%       2d8       0%          2
c - Dazzling Flash        Conj/Hex       100%       N/A       0%          3
d - Fulminant Prism       Conj/Hex       45%        3d20      1%          4
e - Iskenderun's Mystic   Conj/Tloc      90%        2d18      1%          4
f - Shock                 Conj/Air       100%       1d9       0%          1
g - Wereblood             Tmut           86%        N/A       0%          2
h - Momentum Strike       Conj/Tloc      100%       3d10      0%          2
i - Cause Fear            Hex            43%        N/A       1%          4
j - Agony                 Necr           86%        N/A       1%          5
k - Yara's Violent Unrav  Hex/Tmut       43%        3d17      1%          5
l - Dispersal             Tloc           43%        N/A       1%          6
Your spell library was empty.

Dungeon Overview and Level Annotations

Branches:
Dungeon (11/15)            Temple (1/1) D:6            Lair (5/5) D:8
  Swamp (0/4) Lair:2        Snake (0/4) Lair:3        Slime (1/5) Lair:5
    Orc (2/2) D:11         Bailey (visited)
    Elf: Orc:2

Altars:
Ashenzari
Cheibriados
Dithmenos
Elyvilon
Fedhas
Gozag
Hepliaklqana
Makhleb
Nemelex Xobeh
Okawaru
Qazlal
Ru
Trog
Uskayaw
Wu Jian
Xom
Yredelemnul
Zin
The Shining One

Shops:
D:11 *?   Orc:1 **

Annotations:
D:6 2 transporters, 2FriedEggs's ghost, novice KoAr
D:11 3 runed translucent doors, innerfire43's ghost, journeyman DsMo


Innate Abilities, Weirdness & Mutations

You are immune to sickness and miasma.
You are immune to poison.
Your flesh is very heat resistant. (rF++)
You are vulnerable to cold. (rC-)
You float through the air rather than walking.
You learn spells naturally, not from books.
Your magical power is your life essence.
You have superior vitality. (+4 MHP)


Message History

Casting: Dispersal (dangerous; 1% risk of failure)
Press: ? - help, Q - select action, (/) - cycle Dir - look around, f - activate The two-headed ogre disappears! x3; The ogre disappears!
The ogre mage blinks!
* * * LOW HITPOINT WARNING * * *
You feel a bit more experienced.
You hear a shout!
You hear two shouts!
An ogre comes into view. It is wielding a +0 giant club.
The ogre is no longer moving slowly. x4
The ogre mage points at the ogre mage and mumbles some strange words.
The ogre mage seems to speed up.
The ogre moves out of view.
Casting: Dispersal (dangerous; 1% risk of failure)
Press: ? - help, Q - select action, (/) - cycle Dir - look around, f - activate The two-headed ogre disappears!
The ogre blinks!
The ogre appears confused.
The ogre mage disappears!
The ogre mage blinks!
The ogre mage appears confused.
The ogre disappears!
* * * LOW HITPOINT WARNING * * *
Your surroundings suddenly seem different.
An orc sorcerer comes into view. It is wielding a +0 dagger.
The orc sorcerer shouts!
You radiate an aura of cold.
The orc sorcerer seems to slow down.
The ogre seems to slow down.
The two-headed ogre seems to slow down.
The ogre seems less confused.
The two-headed ogre seems less confused.
You feel a bit more experienced.
The two-headed ogre completely misses you.
The two-headed ogre hits you but does no damage.
The two-headed ogre attacks as you move away!
The two-headed ogre hits you with a +0 giant club.
* * * LOW HITPOINT WARNING * * *
The two-headed ogre barely misses you.
The two-headed ogre attacks as you move away!
The two-headed ogre misses you. The two-headed ogre closely misses you.
The orc sorcerer is no longer moving slowly.
As you read the scroll labelled YSCHIGH APIPNA, it crumbles to dust.
It is a scroll of enchant weapon.
Your +0 short sword glows red for a moment.
The ogre is no longer moving slowly.
The two-headed ogre completely misses you.
The two-headed ogre hits you with a +0 giant club.
You die...

.... .O.
##...## ....
...####...#.##
....
....#........#
....
........#.#.#
....
.......#...#
....
........#.##
....
........#..##
O...
.......#..O.#
....
.......o.O@##
....
...........#
...
.....#.......
..
.............#
.
........#..###
.........###
.....# ....


You could see a two-headed ogre (fast), an orc sorcerer and an ogre.

Vanquished Creatures
  An orc warlord (Orc:2)
  Nessos (Lair:4)
  An ettin (Orc:1)
  3 hydras (Lair:5)
  A boulder beetle (D:11)
  A catoblepas (Lair:4)
  4 death yaks (Lair:1)
  3 two-headed ogres
  The ghost of Palms the Basher, a novice GnRe of Okawaru (D:9)
  3 skysharks (Lair:5)
  An orc knight (Orc:1)
  4 orc sorcerers
  A manticore (D:11)
  Maurice (D:9)
  Joseph (D:8)
  An eye of devastation (Lair:5)
  20 elephants
  8 black mambas
  An unseen horror (D:10)
  Maggie (D:9)
  20 cane toads
  13 komodo dragons
  A queen bee (Lair:2)
  2 meliai (Lair:2)
  6 polar bears
  2 hornets
  Grinder (D:5)
  4 trolls
  A tyrant leech (Lair:5)
  17 blink frogs
  2 dream sheep (Lair:3)
  A vampire (D:11)
  2 spriggans (Lair:4)
  8 wyverns
  A shadow (D:11)
  2 basilisks (Lair:2)
  73 yaks
  3 steam dragons
  Grum (Bailey)
  Menkaure (D:5)
  20 vampire mosquitoes
  2 wargs (Orc:1)
  4 nagas (Lair:3)
  Edmund (D:5)
  18 water moccasins
  A sky beast (D:8)
  5 black bears
  12 orc warriors
  An ice beast (D:6)
  5 wolves
  10 ogres
  A centaur (D:5)
  2 kobold brigands
  9 gnoll sergeants
  17 bullfrogs
  2 scorpions
  3 wights (D:8)
  31 killer bees (Lair:2)
  8 howler monkeys
  2 electric eels (Lair:5)
  9 gnoll boudas
  15 orc priests
  8 hounds
  2 jellies
  A sleepcap (D:5)
  3 iguanas
  11 orc wizards
  5 adders
  26 gnolls
  A river rat (Lair:2)
  2 shadow imps
  A white imp (D:7)
  An ufetubus (D:6)
  2 dart slugs
  81 orcs
  4 ball pythons
  2 bats
  8 endoplasms
  11 goblins
  11 hobgoblins
  2 jackals (D:2)
  18 kobolds
  7 quokkas
  7 frilled lizards
  6 rats
617 creatures vanquished.

Vanquished Creatures (others)
  8 fulminant prisms
8 creatures vanquished.

Grand Total: 625 creatures vanquished

Notes
Turn   | Place    | Note
-------+----------+-------------------------------------------
     0 | D:1      | rabbitsville the Djinni Conjurer began the quest for the
                  | Orb.
     0 | D:1      | rabbitsville set off with the following spells memorised:
                  | Magic Dart, Searing Ray, Dazzling Flash, Fulminant Prism,
                  | Iskenderun's Mystic Blast.
     0 | D:1      | Reached XP level 1. HP: 15/15 MP: 0/0
   237 | D:1      | Reached XP level 2. HP: 19/21 MP: 0/0
   504 | D:1      | Reached XP level 3. HP: 20/25 MP: 0/0
   504 | D:1      | Learned a level 1 spell: Shock
  1042 | D:2      | Reached skill level 4 in Conjurations
  1075 | D:2      | Found a basalt altar of Yredelemnul.
  1118 | D:2      | Reached XP level 4. HP: 27/31 MP: 0/0
  1786 | D:3      | Reached XP level 5. HP: 30/35 MP: 0/0
  1786 | D:3      | Learned a level 2 spell: Wereblood
  1899 | D:3      | Found a glowing golden altar of the Shining One.
  1913 | D:3      | Became a worshipper of the Shining One
  2224 | D:4      | Noticed a bullfrog
  2352 | D:4      | Reached XP level 6. HP: 30/40 MP: 0/0
  2439 | D:4      | Reached skill level 1 in Shields
  2528 | D:4      | Reached skill level 5 in Spellcasting
  2528 | D:4      | Reached skill level 5 in Conjurations
  2528 | D:4      | Reached skill level 5 in Hexes
  2528 | D:4      | Reached skill level 5 in Summonings
  2528 | D:4      | Reached skill level 5 in Necromancy
  2528 | D:4      | Reached skill level 5 in Translocations
  2528 | D:4      | Reached skill level 5 in Transmutations
  2528 | D:4      | Reached skill level 5 in Fire Magic
  2528 | D:4      | Reached skill level 5 in Ice Magic
  2528 | D:4      | Reached skill level 5 in Air Magic
  2528 | D:4      | Reached skill level 5 in Earth Magic
  2528 | D:4      | Reached skill level 5 in Poison Magic
  2843 | D:4      | Noticed a black bear
  2858 | D:4      | Killed a black bear
  2859 | D:4      | Reached skill level 1 in Fighting
  2859 | D:4      | Reached skill level 1 in Evocations
  2859 | D:4      | Reached XP level 7. HP: 40/47 MP: 0/0
  2859 | D:4      | Learned a level 2 spell: Momentum Strike
  3016 | D:4      | Found a hide-covered altar of Uskayaw.
  3417 | D:5      | Entered Level 5 of the Dungeon
  3569 | D:5      | Noticed Grinder
  3579 | D:5      | Killed Grinder
  3580 | D:5      | Reached skill level 6 in Conjurations
  3580 | D:5      | Reached XP level 8. HP: 35/55 MP: 0/0
  3809 | D:5      | Noticed Edmund
  3823 | D:5      | Killed Edmund
  3978 | D:5      | Noticed Menkaure
  3982 | D:5      | Killed Menkaure
  3982 | D:5      | Reached * piety under the Shining One
  4145 | D:5      | Found a burning altar of Makhleb.
  4255 | D:5      | Reached XP level 9. HP: 54/62 MP: 0/0
  4255 | D:5      | Learned a level 4 spell: Cause Fear
  4443 | D:6      | Found a staircase to the Ecumenical Temple.
  4469 | Temple   | Entered the Ecumenical Temple
  4632 | D:6      | Identified the +5 buckler of Hurch {rPois}
  4637 | D:6      | Found a transporter.
  4643 | D:6      | Reached skill level 7 in Conjurations
  4651 | D:6      | Noticed 2FriedEggs's ghost (novice KoAr)
  4861 | D:6      | Found a transporter.
  5086 | D:7      | Reached skill level 5 in Fighting
  5275 | D:7      | Reached skill level 5 in Evocations
  5370 | D:7      | Found an iron altar of Okawaru.
  5667 | D:7      | You are sucked into a shaft and drop 1 floor!
  5928 | D:8      | Noticed Joseph
  5944 | D:8      | Killed Joseph
  5945 | D:8      | Reached skill level 8 in Conjurations
  5945 | D:8      | Reached XP level 10. HP: 37/72 MP: 0/0
  6134 | D:8      | Identified the +6 spear "Bulicewn" {speed, Dex+4}
  6238 | D:8      | Reached ** piety under the Shining One
  6322 | D:8      | Found an opulent altar of Gozag.
  6423 | D:8      | Noticed a komodo dragon
  6436 | D:8      | Killed a komodo dragon
  6703 | D:8      | Found a staircase to the Lair.
  7299 | D:9      | Found a runed translucent door.
  7308 | D:9      | Noticed Palms's ghost (novice GnRe)
  7318 | D:9      | Noticed Maggie
  7328 | D:9      | Killed Maggie
  7444 | D:9      | Found a flagged portal.
  7444 | D:9      | Noticed Maurice
  7450 | D:9      | Killed Maurice
  7451 | D:9      | Reached skill level 9 in Conjurations
  7469 | Bailey   | Entered a bailey
  7791 | Bailey   | Reached XP level 11. HP: 57/79 MP: 0/0
  7791 | Bailey   | Learned a level 5 spell: Agony
  8156 | Bailey   | Noticed Grum
  8185 | Bailey   | Killed Grum
  8682 | D:9      | Reached *** piety under the Shining One
  8719 | D:9      | Identified the +8 rapier of Hell's Wrath {heavy, rN++ MP+9
                  | Str-3 SInv}
  9159 | D:9      | Reached skill level 10 in Spellcasting
  9159 | D:9      | Reached skill level 10 in Conjurations
  9159 | D:9      | Reached skill level 10 in Hexes
  9159 | D:9      | Reached skill level 10 in Summonings
  9159 | D:9      | Reached skill level 10 in Necromancy
  9159 | D:9      | Reached skill level 10 in Translocations
  9159 | D:9      | Reached skill level 10 in Transmutations
  9159 | D:9      | Reached skill level 10 in Fire Magic
  9159 | D:9      | Reached skill level 10 in Ice Magic
  9159 | D:9      | Reached skill level 10 in Air Magic
  9159 | D:9      | Reached skill level 10 in Earth Magic
  9159 | D:9      | Reached skill level 10 in Poison Magic
  9354 | D:9      | Killed Palms's ghost
  9483 | D:10     | Entered Level 10 of the Dungeon
 10029 | D:10     | Found a shadowy altar of Dithmenos.
 10570 | D:11     | Noticed a manticore
 10570 | D:11     | Found Wepta's Magic Scroll Shoppe.
 10573 | D:11     | Killed a manticore
 10583 | D:11     | Bought a scroll of identify for 24 gold pieces
 10583 | D:11     | Bought a scroll of teleportation for 36 gold pieces
 10583 | D:11     | Bought a scroll of identify for 24 gold pieces
 10583 | D:11     | Bought a scroll of teleportation for 36 gold pieces
 10583 | D:11     | Bought a scroll of identify for 24 gold pieces
 10618 | D:11     | Found a blossoming altar of Fedhas.
 10628 | D:11     | Reached XP level 12. HP: 77/88 MP: 0/0
 10647 | D:11     | Noticed a two-headed ogre
 10654 | D:11     | Killed a two-headed ogre
 10655 | D:11     | Reached skill level 11 in Conjurations
 10772 | D:11     | Noticed a boulder beetle
 10789 | D:11     | Killed a boulder beetle
 10925 | D:11     | Identified the +0 chain mail of the Pure Singing Lives
                  | {rCorr}
 10941 | D:11     | Noticed innerfire43's ghost (journeyman DsMo)
 10942 | D:11     | Found a runed translucent gate.
 10943 | D:11     | Found a runed translucent gate.
 10943 | D:11     | Found a runed translucent gate.
 11022 | D:11     | Found a staircase to the Orcish Mines.
 11149 | D:11     | Found Xewkim's Mayhem Merchandise.
 11156 | D:11     | Reached **** piety under the Shining One
 11720 | Lair:1   | Entered Level 1 of the Lair of Beasts
 11742 | Lair:1   | Reached skill level 12 in Conjurations
 11867 | Lair:1   | Noticed a death yak
 11868 | Lair:1   | Noticed a death yak
 11875 | Lair:1   | Noticed a death yak
 11877 | Lair:1   | Noticed a death yak
 11880 | Lair:1   | Killed a death yak
 11885 | Lair:1   | Killed a death yak
 12333 | Lair:1   | Reached XP level 13. HP: 48/96 MP: 0/0
 12333 | Lair:1   | Learned a level 5 spell: Yara's Violent Unravelling
 12339 | Lair:1   | Reached skill level 13 in Conjurations
 12642 | Lair:1   | Reached skill level 10 in Fighting
 12791 | Lair:1   | Reached skill level 10 in Evocations
 13454 | Lair:2   | Identified the +0 ring mail of Behiubbo {+Inv Will+ SInv}
 13500 | Lair:2   | Found a staircase to the Swamp.
 13879 | Lair:2   | Reached skill level 14 in Conjurations
 14151 | Lair:2   | Reached ***** piety under the Shining One
 14416 | Lair:2   | Identified the +6 scale mail "Bycuvvuo" {*Corrode rPois rF-
                  | SInv}
 16468 | Lair:3   | Reached skill level 15 in Conjurations
 16471 | Lair:3   | Reached XP level 14. HP: 77/105 MP: 0/0
 16873 | Lair:3   | Found a staircase to the Snake Pit.
 17544 | Lair:4   | Noticed Nessos
 17552 | Lair:4   | Killed Nessos
 18360 | Lair:4   | Reached skill level 16 in Conjurations
 19305 | Lair:5   | Entered Level 5 of the Lair of Beasts
 19734 | Lair:5   | Reached XP level 15. HP: 79/113 MP: 0/0
 19734 | Lair:5   | Learned a level 6 spell: Dispersal
 20012 | Lair:5   | Reached skill level 17 in Conjurations
 20295 | Lair:5   | Found a staircase to the Slime Pits.
 20659 | Slime:1  | Entered Level 1 of the Pits of Slime
 20871 | Slime:1  | Noticed an azure jelly
 20978 | Lair:5   | Found a basalt altar of Yredelemnul.
 21377 | Orc:1    | Entered Level 1 of the Orcish Mines
 21497 | Orc:1    | Found Cewyageq's Specific Store.
 21499 | Orc:1    | Found Ethusef's General Store.
 21506 | Orc:1    | Paralysed by an orc sorcerer for 4 turns
 21511 | Orc:1    | Reached skill level 1 in Invocations
 21668 | Orc:1    | Reached ****** piety under the Shining One
 21887 | Orc:2    | Entered Level 2 of the Orcish Mines
 22036 | Orc:2    | Noticed an orc warlord
 22064 | Orc:2    | Killed an orc warlord
 22065 | Orc:2    | Reached skill level 18 in Conjurations
 22240 | Orc:2    | HP: 1/113 [two-headed ogre/+0 giant club (1)]
 22244 | Orc:2    | Slain by a two-headed ogre

Illustrated notes

Levels and vault maps discovered:
D:1:      giann_wishing_wells, layout_loops_ring
D:2:      layout_basic, serial_corexii_hall, chequers_hall_statues_y,
          corexii_hall_statues_l, chequers_hall_statues_y, basic_altar
D:3:      layout_basic, nicolae_tso_carved_into_rock
D:4:      layout_loops_corners, kennysheep_mini
D:5:      layout_cave_pools, bloody_makhleb, uniq_menkaure, uniq_grinder,
          uniq_edmund
D:6:      layout_rooms, minmay_temple_entry_statues,
          gammafunk_ghost_gnarly_gnolls
D:7:      layout_loops_ring, amcnicky_altar_gilded
D:8:      layout_gridville, nicolae_gozag_seed_capital,
          due_lair_maze_entry_diamond, minivault_19, bh_walls_and_bars,
          uniq_joseph
D:9:      layout_roguey [special_room_orc], enter_bailey_2,
          ebering_ghost_reflecting_pool, uniq_maurice, uniq_maggie
D:10:     layout_basic, nicolae_overflow_hidden_temple
D:11:     layout_roguey, minmay_orc_entry_temple_small, gammafunk_ghost_split,
          serial_shops, shop, minmay_shop_mayhem, fedhas_altar_2
Temple:   nicolae_temple_elliptical
Lair:1:   layout_roguey, enter_volcano_4, beast_lair_carwin_3
Lair:2:   regret_index_combs_of_tragedy, layout_regular_city, swamp_mist
Lair:3:   layout_cave_pods, minmay_snake_entry_guardpost_small,
          dreamdust_gnoll_shepherd
Lair:4:   wad_woods_tower, layout_gridlike, gauntlet_entry_generic,
          lemuel_fruit_fields, uniq_nessos
Lair:5:   minmay_lair_end_frog_pond, layout_cave_shapes, slime_entry_1,
          basic_altar, nicolae_quartered_pool_medium
Slime:1:  layout_caves, nicolae_slime_getting_an_eyeful
Orc:1:    layout_caves, nicolae_specific_store
Orc:2:    st_orc_ogre_mass, layout_caves, serial_shops,
          nicolae_shop_tiny_statue_garden

Skill      XL: |  1  2  3  4  5  6  7  8  9 10 11 12 13 14 15 |
---------------+----------------------------------------------+-----
Dodging        | 3 4 |  4.3
Spellcasting   | 4 5 6 8 9 10 11 12 13 14 | 14.8
Conjurations   | 4 5 6 8 9 10 12 15 16 18 | 18.1
Hexes          | 4 5 6 8 9 10 11 12 13 14 | 14.8
Summonings     | 4 5 6 8 9 10 11 12 13 14 | 14.8
Necromancy     | 4 5 6 8 9 10 11 12 13 14 | 14.8
Translocations | 4 5 6 8 9 10 11 12 13 14 | 14.8
Transmutations | 4 5 6 8 9 10 11 12 13 14 | 14.8
Fire Magic     | 4 5 6 8 9 10 11 12 13 14 | 14.8
Ice Magic      | 4 5 6 8 9 10 11 12 13 14 | 14.8
Air Magic      | 4 5 6 8 9 10 11 12 13 14 | 14.8
Earth Magic    | 4 5 6 8 9 10 11 12 13 14 | 14.8
Poison Magic   | 4 5 6 8 9 10 11 12 13 14 | 14.8
Shields        | 1 |  1.5
Fighting       | 1 2 3 5 7 8 9 11 12 | 12.8
Evocations     | 1 2 3 5 6 8 9 11 12 | 12.7
Invocations    | 3 |  3.1
Stealth        | |  1.5

Action                     |  1- 3 |  4- 6 |  7- 9 | 10-12 | 13-15 || total
---------------------------+-------+-------+-------+-------+-------++-------
  Melee: Short sword       |     6 |       |     3 |       |       ||     9
         Spear             |       |       |       |     2 |    12 ||    14
   Cast: Magic Dart        |    38 |     5 |    39 |    67 |    41 ||   190
         Shock             |    28 |    44 |    56 |    34 |     5 ||   167
         Searing Ray       |     2 |    14 |    39 |   168 |   153 ||   376
         Momentum Strike   |       |       |     8 |     6 |     1 ||    15
         Iskenderun's Myst |       |       |     5 |    43 |   279 ||   327
         Fulminant Prism   |       |       |       |     7 |     1 ||     8
         Cause Fear        |       |       |       |     3 |     1 ||     4
         Dazzling Flash    |       |       |       |     2 |       ||     2
         Yara's Violent Un |       |       |       |       |    11 ||    11
         Dispersal         |       |       |       |       |     4 ||     4
 Invoke: Divine Shield     |       |       |     1 |     1 |       ||     2
    Use: Scroll            |       |       |     6 |     6 |     3 ||    15
         Potion            |       |       |     2 |     1 |     1 ||     4
 Armour: Robe              |       |     2 |    10 |    14 |       ||    26
         Animal skin       |       |       |       |    22 |    86 ||   108
  Dodge: Dodged            |    11 |    17 |    59 |   145 |   280 ||   512

Table legend: (Time is in decaauts)
 A = Elapsed time spent in this place.
 B = Non-inter-level travel time spent in this place.
 C = Inter-level travel time spent in this place.
 D = Time resting spent in this place.
 E = Time spent auto-exploring this place.
 F = Levels seen in this place.
 G = Mean time per level.
                   A        B        C        D        E       F      G
               +--------+--------+--------+--------+--------+-----+--------+
         Total |  22249 |  21391 |    858 |   1862 |  13163 |  21 | 1059.5 |
       Dungeon |  10535 |   9965 |    570 |    324 |   6981 |  11 |  957.7 |
        Temple |    131 |    120 |     11 |      0 |    106 |   1 |  131.0 |
          Lair |   9517 |   9257 |    260 |   1109 |   5403 |   5 | 1903.4 |
    Slime Pits |      6 |      6 |      0 |      0 |      0 |   1 |    6.0 |
  Orcish Mines |    866 |    849 |     17 |      0 |    650 |   2 |  433.0 |
        Bailey |   1191 |   1191 |      0 |    429 |     23 |   1 | 1191.0 |
               +--------+--------+--------+--------+--------+-----+--------+

Top non-repeatable levels by time:
  Lair:2: 2639 daAuts
  Lair:4: 2171 daAuts
  Lair:3: 2030 daAuts
  Lair:1: 1456 daAuts
     D:8: 1229 daAuts
  Lair:5: 1219 daAuts
  Bailey: 1191 daAuts
    D:10: 1189 daAuts
     D:4: 1156 daAuts
    D:11: 1104 daAuts
     D:9: 1071 daAuts
     D:2: 909 daAuts
     D:5: 898 daAuts
     D:7: 889 daAuts
     D:1: 858 daAuts
